 Dungeon Crawl Stone Soup version 0.29-a0-617-g7a6b98fccd (webtiles) character file.

Game seed: 17976549874885265379

46 Vylera the Caller (level 3, -1/16 HPs)
             Began as a Vine Stalker Wanderer on June 18, 2022.
             Slain by an adder (3 damage)
             ... on level 2 of the Dungeon.
             The game lasted 00:04:14 (2166 turns).

Vylera the Caller (Vine Stalker Wanderer)           Turns: 2166, Time: 00:04:15

Health: -1/16      AC:  4    Str: 11    XL:     3   Next: 68%
Magic:  0/7        EV: 11    Int: 13    God:
Gold:   44         SH:  0    Dex: 17    Spells: 3/6 levels left

rFire   . . .      SeeInvis .   a - +0 dagger
rCold   . . .      Faith    .   (no shield)
rNeg    . . .      Spirit   +   e - +0 robe
rPois   .          Reflect  .   (no helmet)
rElec   .          Harm     .   (no cloak)
rCorr   .          Rampage  .   g - +0 pair of gloves
Will    .....                   o - +0 pair of boots
Stlth   ++........              (no amulet)
HPRegen 0.05/turn               (no ring)
MPRegen 0.10/turn               (no ring)

@: attractive
A: fangs 2, magic shield, antimagic bite, no potion heal 2
a: no special abilities


You were on level 2 of the Dungeon.
You visited 1 branch of the dungeon, and saw 2 of its levels.

You collected 44 gold pieces.

Inventory:

Hand Weapons
 a - a +0 dagger (weapon)
Missiles
 b - 8 boomerangs (quivered)
Armour
 e - a +0 robe (worn)
 g - a +0 pair of gloves (worn)
 o - a +0 pair of boots (worn)
Wands
 c - a wand of flame (13)
 q - a wand of polymorph (6)
Scrolls
 f - a scroll of vulnerability {unknown}
 h - a scroll of teleportation {unknown}
 j - a scroll of fog {unknown}
 l - a scroll of immolation {unknown}
 m - 2 scrolls of identify {unknown}
 n - a scroll of fear {unknown}
Potions
 p - a potion of berserk rage {unknown}


   Skills:
 - Level 1.0 Throwing
 - Level 1.2 Stealth
 + Level 2.0 Spellcasting
 * Level 3.9 Summonings
 * Level 1.0 Fire Magic
 - Level 3.6 Evocations


You had 3 spell levels left.
You knew the following spells:

 Your Spells              Type           Power      Damage    Failure   Level
a - Summon Small Mammal   Summ           44%        N/A       4%          1
b - Scorch                Fire           8%         2d5       24%         2

Your spell library contained the following spells:

 Spells                   Type           Power      Damage    Failure   Level
 Summon Guardian Golem    Hex/Summ       6%         N/A       34%         3
 Flame Wave               Conj/Fire      2%         2d4       90%         4
 Summon Cactus Giant      Summ           5%         N/A       100%        6


Dungeon Overview and Level Annotations

Branches:
Dungeon (2/15)

Altars:


Innate Abilities, Weirdness & Mutations

You have extremely sharp teeth.
When hurt, damage is shared between your health and your magic reserves.
Your bite disrupts and absorbs the magic of your enemies.
Potions cannot restore your health.


Message History

Unknown command.
You swap places.
The adder bites you but does no damage.
You closely miss the adder.
The adder is moderately wounded.
The adder bites you.
You are lethally poisoned!
The adder poisons you! The adder barely misses you.
Unknown command.
You swap places.
The adder attacks as you move away! The adder barely misses you.
You feel sick. The adder bites your rat.
Your rat dies!
Your rat's corpse disappears in a puff of smoke!
Your system rejects the healing.
You feel better.
Unknown command.
You swap places.
Your bat hits the adder. The adder bites your bat.
Your bat misses the adder. The adder bites your bat.
Your bat dies!
Your bat's corpse disappears in a puff of smoke!
Okay, then.
It was a potion of heal wounds.
That seemed strangely inert.
It was a potion of attraction.
You feel attractive to monsters. The adder closely misses you.
The frilled lizard is attracted toward you.
Sorry, you're not good enough to have a special ability.
Casting: Summon Small Mammal (safe; 4% risk of failure)
Confirm with . or Enter, or press ? or * to list all spells.
The spell is extremely dangerous to miscast (24% risk of failure)!
Continue anyway?
Flames lash the frilled lizard.
You kill the frilled lizard!
The adder barely misses you. The adder bites you.
* * * LOW HITPOINT WARNING * * *
Unknown command.
The dart slug is attracted toward you. The adder attacks as you move away!
The adder bites you.
* * * LOW HITPOINT WARNING * * *
The adder attacks as you move away! The adder barely misses you.
The dart slug is attracted toward you. The adder bites you.
You die...

.# .# .#
.# ##.#
#.. #.#
#@# #S#
#w# #.#
#ยง# #.#
##.######.
#.........
#..######.


You could see an adder and a dart slug.

Vanquished Creatures
  2 ball pythons (D:1)
  4 endoplasms (D:1)
  2 giant cockroaches (D:1)
  5 hobgoblins (D:1)
  4 jackals (D:1)
  A quokka (D:1)
  4 bats (D:1)
  2 frilled lizards
  8 goblins (D:1)
  4 kobolds (D:1)
  3 rats (D:1)
39 creatures vanquished.

Vanquished Creatures (collateral kills)
  A dart slug (D:1)
1 creature vanquished.

Grand Total: 40 creatures vanquished

Notes
Turn   | Place    | Note
-------+----------+-------------------------------------------
     0 | D:1      | Vylera the Vine Stalker Wanderer began the quest for the
                  | Orb.
     0 | D:1      | Vylera set off with the following items: a +0 dagger, 8
                  | boomerangs, a wand of flame (13), a potion of curing, a +0
                  | robe; and the following spell memorised: Summon Small
                  | Mammal; and the following spells available to memorise:
                  | Summon Guardian Golem.
     0 | D:1      | Reached XP level 1. HP: 9/9 MP: 3/3
   114 | D:1      | Reached XP level 2. HP: 13/13 MP: 5/5
   461 | D:1      | Learned a level 2 spell: Scorch
   651 | D:1      | Reached XP level 3. HP: 12/16 MP: 6/6
  1424 | D:1      | Reached skill level 1 in Fire Magic
  2166 | D:2      | Slain by an adder

Illustrated notes

Levels and vault maps discovered:
D:1:      dpeg_arrival_morbid_curiosity, layout_basic
D:2:      layout_loops_ring

Skill      XL: |  1  2  3 |
---------------+----------+-----
Fire Magic     | 1 |  1.0
Spellcasting   | 2 |  2.0
Throwing       | |  1.0
Stealth        | |  1.2
Summonings     | |  3.9
Evocations     | |  3.6

Action                   || total
-------------------------++-------
Melee: Dagger            ||   143
       Bite              ||    50
       Punch             ||     1
 Cast: Summon Small Mamm ||     8
       Scorch            ||     1
  Use: Potion            ||     3
 Stab: Sleeping          ||     3
Armor: Robe              ||    48
Dodge: Dodged            ||   102

Table legend: (Time is in decaauts)
 A = Elapsed time spent in this place.
 B = Non-inter-level travel time spent in this place.
 C = Inter-level travel time spent in this place.
 D = Time resting spent in this place.
 E = Time spent auto-exploring this place.
 F = Levels seen in this place.
 G = Mean time per level.
                   A        B        C        D        E       F      G
               +--------+--------+--------+--------+--------+-----+--------+
         Total |   2165 |   2105 |     60 |      0 |   1766 |   2 | 1082.5 |
       Dungeon |   2165 |   2105 |     60 |      0 |   1766 |   2 | 1082.5 |
               +--------+--------+--------+--------+--------+-----+--------+

Top non-repeatable levels by time:
     D:1: 2114 daAuts
     D:2: 51 daAuts
